 Dungeon Crawl Stone Soup version 0.21.1 (webtiles) character file.

119 theElss the Cudgeler (level 5, -3/49 HPs)
             Began as a Gargoyle Berserker on Feb 3, 2018.
             Was a Believer of Trog.
             Slain by a gnoll
             ... wielding a +0 halberd
              (9 damage)
             ... on level 3 of the Dungeon.
             The game lasted 00:05:24 (2217 turns).

theElss the Cudgeler (Gargoyle Berserker)           Turns: 2217, Time: 00:05:24

Health: -3/49      AC: 10    Str: 26    XL:     5   Next: 3%
Magic:  5/5        EV: 11    Int:  8    God:    Trog [**....]
Gold:   100        SH:  0    Dex:  9    Spells: 4/4 levels left

rFire    . . .     SeeInvis .   a - +0 mace
rCold    . . .     Gourm    .   (no shield)
rNeg     + . .     Faith    .   j - +0 ring mail
rPois    ∞         Spirit   .   (no helmet)
rElec    +         Reflect  .   (no cloak)
rCorr    .         Harm     .   l - +0 pair of gloves
MR       .....                  (no boots)
Stlth    ..........             (no amulet)
HPRegen  0.16/turn              (no ring)
MPRegen  0.09/turn              (no ring)

@: berserking, very quick
A: negative energy resistance 1, electricity resistance, unbreathing,
petrification resistance, rot immunity, AC +4
a: Berserk, Trog's Hand, Burn Spellbooks, Renounce Religion


You were on level 3 of the Dungeon.
You worshipped Trog.
Trog was pleased with you.
You were very hungry.

You visited 1 branch of the dungeon, and saw 3 of its levels.

You collected 100 gold pieces.

Inventory:

Hand Weapons
 a - a +0 mace (weapon)
Armour
 j - a +0 ring mail (worn)
 l - a +0 pair of gloves (worn)
Scrolls
 d - a scroll of random uselessness {unknown}
 e - 3 scrolls of identify {unknown}
 f - a scroll of enchant weapon {unknown}
 g - 2 scrolls of teleportation {unknown}
Potions
 h - a potion of brilliance {unknown}
 i - 2 potions of degeneration {unknown}
 k - a potion of curing {unknown}
Comestibles
 b - 4 chunks of flesh
 c - 2 rations


   Skills:
 + Level 3.9 Fighting
 + Level 4.1 Maces & Flails
 + Level 2.6 Armour
 + Level 2.5 Dodging
 + Level 1.0 Stealth


You had 4 spell levels left.
You didn't know any spells.

Dungeon Overview and Level Annotations

Branches:
Dungeon (3/15)

Altars:
Cheibriados
Dithmenos
Elyvilon
Fedhas
Gozag
Sif Muna
Uskayaw
Vehumet
Xom


Innate Abilities, Weirdness & Mutations

You are resistant to torment.
Your stone body is resilient. (AC +4)
You are immune to poison.
You resist negative energy. (rN+)
You are resistant to electric shocks. (rElec)
You can survive without breathing.
You are immune to petrification.
You are immune to rotting.


Message History

The gnoll hits you from afar with a halberd.
* * * LOW HITPOINT WARNING * * *
A red film seems to cover your vision as you go berserk!
You feel yourself moving faster!
You feel mighty!
You are feeling very hungry.
The gnoll barely misses you. x2
Your ring mail prevents you from hitting the gnoll.
The gnoll is heavily wounded.
The gnoll hits you but does no damage.
You barely miss the gnoll.
The gnoll is heavily wounded.
The gnoll closely misses you. The gnoll hits you.
* * * LOW HITPOINT WARNING * * *
You sock the gnoll!
You kill the gnoll!
Trog accepts your kill.
Your Stealth skill increases to level 1!
You have reached level 5!
The gnoll hits you from afar with a halberd!
You die...

#.....#.#)#.##..###
#.#####.#.......#
#.#.....#...###.#
#.##.####...[...#
#.....(.)..######
####.#####....#
#.<#.# ####.#
#....# #.#####
###### #.@.gg#
#####(# #'# ...
..gb# .....#
#.....# #######


You could see 2 gnolls.

Vanquished Creatures
  A worker ant (D:2)
  A gnoll (D:3)
  3 adders
  3 dart slugs
  3 giant cockroaches
  8 goblins
  9 hobgoblins
  A quokka (D:2)
  9 bats
  4 frilled lizards
  8 kobolds
  5 rats
55 creatures vanquished.

Notes
Turn   | Place    | Note
-------+----------+-------------------------------------------
     0 | D:1      | theElss the Gargoyle Berserker began the quest for the Orb.
     0 | D:1      | Reached XP level 1. HP: 14/14 MP: 1/1
   366 | D:1      | Reached XP level 2. HP: 19/19 MP: 2/2
   597 | D:1      | You fall through a shaft!
   629 | D:2      | Reached XP level 3. HP: 23/24 MP: 3/3
   714 | D:2      | Found a snail-covered altar of Cheibriados.
   751 | D:2      | Noticed a hand axe
   751 | D:2      | Noticed a hand axe
   754 | D:2      | Found a hide-covered altar of Uskayaw.
  1208 | D:1      | Reached ** piety under Trog
  1428 | D:2      | Found a radiant altar of Vehumet.
  1539 | D:2      | Reached XP level 4. HP: 18/29 MP: 4/4
  1765 | D:2      | Found a shadowy altar of Dithmenos.
  1766 | D:2      | Found a blossoming altar of Fedhas.
  1766 | D:2      | Found a deep blue altar of Sif Muna.
  1770 | D:2      | Found a white marble altar of Elyvilon.
  1771 | D:2      | Found an opulent altar of Gozag.
  1772 | D:2      | Found a shimmering altar of Xom.
  1890 | D:2      | Reached skill level 4 in Maces & Flails
  2217 | D:3      | Reached skill level 1 in Stealth
  2217 | D:3      | Reached XP level 5. HP: 6/33 MP: 5/5
  2217 | D:3      | Slain by a gnoll

Skill      XL: |  1  2  3  4 |
---------------+-------------+-----
Dodging        | 2 |  2.5
Maces & Flails | 4 |  4.1
Stealth        | 1 |  1.0
Fighting       | |  3.9
Armour         | |  2.6

Action                   |  1- 3 |  4- 6 || total
-------------------------+-------+-------++-------
Melee: Mace              |   123 |    39 ||   162
Invok: Berserk           |     1 |     1 ||     2
 Stab: Sleeping          |     2 |       ||     2
  Eat: Chunk             |     2 |     3 ||     5
Armor: Animal skin       |    17 |       ||    17
       Ring mail         |    41 |    17 ||    58
Dodge: Dodged            |   100 |    26 ||   126
